 Dungeon Crawl Stone Soup version 0.22-a0-799-g88f5e90 (webtiles) character file.

3075 Hebeh the Thaumaturge (level 9, 0/45 HPs)
             Began as a Deep Elf Conjurer on July 21, 2018.
             Was a Believer of Vehumet.
             Shot with a sling bullet by Joseph (5 damage)
             ... on level 7 of the Dungeon.
             The game lasted 00:49:15 (9551 turns).

Hebeh the Thaumaturge (Deep Elf Conjurer)           Turns: 9551, Time: 00:49:16

Health: 0/45       AC:  6    Str:  5    XL:     9   Next: 58%
Magic:  6/25       EV: 13    Int: 24    God:    Vehumet [**....]
Gold:   325        SH:  6    Dex: 15    Spells: 14/28 levels left

rFire    . . .     SeeInvis .   a - +4 short sword
rCold    . . .     Gourm    .   x - +1 buckler
rNeg     . . .     Faith    .   G - +1 robe {MR+}
rPois    .         Spirit   .   w - +0 helmet
rElec    .         Reflect  .   h - +0 cloak
rCorr    .         Harm     .   m - +0 pair of gloves
MR       +....                  (no boots)
Stlth    ++........             (no amulet)
HPRegen  0.15/turn              (no ring)
MPRegen  0.19/turn              (no ring)

@: no status effects
A: no striking features
a: Renounce Religion


You were on level 7 of the Dungeon.
You worshipped Vehumet.
Vehumet was pleased with you.
You were not hungry.

You visited 2 branches of the dungeon, and saw 9 of its levels.

You collected 325 gold pieces.

Inventory:

Hand Weapons
 a - a +4 short sword (weapon)
 b - a +0 blowgun
Missiles
 r - 77 arrows
 C - 7 needles of frenzy
 E - 20 poisoned needles
Armour
 h - a +0 cloak (worn)
 m - a +0 pair of gloves (worn)
 v - a +0 pair of boots
 w - a +0 helmet (worn)
 x - a +1 buckler (worn)
 G - a +1 robe of magic resistance (worn)
Wands
 p - a wand of flame (7)
 y - a wand of clouds (4)
 A - a wand of polymorph (15)
Scrolls
 d - a scroll of fear
 e - 8 scrolls of remove curse
 f - 4 scrolls of identify
 i - 2 scrolls of blinking {unknown}
 k - a scroll of torment {unknown}
 q - 3 scrolls of fog
 D - 4 scrolls of teleportation
Potions
 g - 3 potions of might
 j - 3 potions of berserk rage {unknown}
 l - 8 potions of curing
 n - 2 potions of cancellation {unknown}
 o - a potion of ambrosia {unknown}
 s - a potion of mutation {unknown}
 u - 2 potions of agility
 z - 3 potions of degeneration {unknown}
Comestibles
 c - 13 rations


   Skills:
 - Level 2.4 Dodging
 - Level 2.4 Stealth
 - Level 4.2 Shields
 - Level 10.0 Spellcasting
 - Level 10.0 Conjurations
 - Level 6.4 Hexes
 + Level 2.2 Translocations


You had 14 spell levels left.
You knew the following spells:

 Your Spells              Type           Power        Failure   Level  Hunger
a - Magic Dart            Conj           ####         1%          1    None
b - Iskenderun's Mystic   Conj           ######..     1%          4    #......
c - Searing Ray           Conj           ######       1%          2    None
d - Force Lance           Conj/Tloc      #####...     4%          4    #......
k - Confuse               Hex            #####...     1%          3    None

Your spell library contained the following spells:

 Spells                   Type           Power        Failure   Level  Hunger
 Tukima's Dance           Hex            #####...     1%          3    None
 Ensorcelled Hibernation  Hex/Ice        ####..       2%          2    None
 Corona                   Hex            #####..      1%          1    None
 Fulminant Prism          Conj/Hex       ######....   1%          4    #......
 Dazzling Spray           Conj/Hex       ######       1%          3    None


Dungeon Overview and Level Annotations

Branches:
Dungeon (8/15)             Temple (1/1) D:4
   Lair: D:8-11

Altars:
Ashenzari
Cheibriados
Dithmenos
Elyvilon
Gozag
Hepliaklqana
Kikubaaqudgha
Makhleb
Nemelex Xobeh
Okawaru
Qazlal
Sif Muna
Trog
Vehumet
Wu Jian
Xom
Yredelemnul
The Shining One

Shops:
D:8 *

Annotations:
D:7 Joseph


Message History

Casting: Iskenderun's Mystic Blast (safe; 1% risk of failure)
Confirm with . or Enter, or press ? or * to list all spells.
You can't see any susceptible monsters within range! (Use Z to cast anyway.)
Casting: Iskenderun's Mystic Blast (safe; 1% risk of failure)
Confirm with . or Enter, or press ? or * to list all spells.
Aiming: Magic Dart (safe; 1% risk of failure)
Press: ? - help, Shift-Dir - straight line, f - Joseph
Aim: Joseph, wielding a hunting sling of flaming and wearing a leather armour The magic dart hits Joseph.
Casting: Magic Dart (safe; 1% risk of failure)
Confirm with . or Enter, or press ? or * to list all spells.
Aiming: Magic Dart (safe; 1% risk of failure)
Press: ? - help, Shift-Dir - straight line, f/p - Joseph
Aim: Joseph, wielding a hunting sling of flaming and wearing a leather armour The magic dart hits Joseph.
Joseph is lightly wounded.
Joseph shoots a sling bullet.
The sling bullet hits you!
* * * LOW HITPOINT WARNING * * *
The sling bullet burns you.
You die...

...............#
.......#######.#############
....................##.....##
.......####.................##
.......####..................#
.............................#
.......######................#
........## #..†.............#
#.####...## #.<.@............#
#.## #.#..###................#
#..###.##..###.)[...........##
#...##...#.# ##.....##@.>..##
...........#################
..........÷..# ...........#.#
...........#.###########
...........#..#.......<#


You could see Joseph.

Vanquished Creatures
  Prince Ribbit (D:7)
  Sigmund (D:2)
  A water moccasin (D:6)
  Duvessa (D:7)
  A sky beast (D:7)
  A phantom (D:4)
  3 ice beasts (D:6)
  An ogre (D:4)
  A centaur (D:6)
  Blork the orc (D:4)
  3 bullfrogs
  Dowan (D:7)
  3 scorpions
  A water moccasin skeleton (D:4)
  3 killer bees (D:7)
  6 crimson imps
  A howler monkey (D:4)
  A bullfrog zombie (D:6)
  A centaur zombie (D:7)
  2 hounds
  A jelly (D:6)
  Crazy Yiuf (D:6)
  5 orc priests
  2 bullfrog skeletons
  Ijyb (D:3)
  Jessica (D:3)
  3 iguanas
  4 orc wizards
  5 worker ants
  A hound skeleton (D:5)
  Robin (D:3)
  3 gnolls (D:6)
  8 adders
  An adder zombie (D:5)
  3 worms
  2 dart slugs
  6 leopard geckos
  25 orcs
  5 giant cockroaches
  14 goblins
  7 hobgoblins
  6 jackals (D:1)
  A quokka (D:3)
  A ball python (D:4)
  9 bats
  4 frilled lizards
  2 gnoll zombies (D:4)
  8 kobolds
  A quokka skeleton (D:4)
  6 rats
171 creatures vanquished.

Notes
Turn   | Place    | Note
-------+----------+-------------------------------------------
     0 | D:1      | Hebeh the Deep Elf Conjurer began the quest for the Orb.
     0 | D:1      | Reached XP level 1. HP: 10/10 MP: 6/6
   113 | D:1      | Reached XP level 2. HP: 15/15 MP: 5/8
   780 | D:1      | Reached XP level 3. HP: 19/19 MP: 7/10
   784 | D:1      | Learned a level 2 spell: Searing Ray
   797 | D:1      | Reached skill level 5 in Conjurations
  1630 | D:2      | Noticed Sigmund
  1738 | D:2      | Killed Sigmund
  1738 | D:2      | Reached skill level 5 in Spellcasting
  1738 | D:2      | Reached XP level 4. HP: 7/24 MP: 3/13
  1738 | D:2      | Reached XP level 5. HP: 8/28 MP: 3/15
  2021 | D:2      | Learned a level 4 spell: Iskenderun's Mystic Blast
  2026 | D:2      | Learned a level 4 spell: Force Lance
  2116 | D:2      | Found a shadowy altar of Dithmenos.
  2524 | D:2      | Found a glowing golden altar of the Shining One.
  2550 | D:3      | Noticed Jessica
  2561 | D:3      | Killed Jessica
  2561 | D:3      | Reached XP level 6. HP: 12/32 MP: 1/17
  2575 | D:2      | HP: 1/32 [poisoned by an adder]
  3015 | D:3      | Found a white marble altar of Elyvilon.
  3454 | D:3      | Noticed Robin
  3467 | D:3      | Killed Robin
  3722 | D:3      | Noticed Ijyb
  3736 | D:3      | Killed Ijyb
  4051 | D:4      | Found a staircase to the Ecumenical Temple.
  4057 | Temple   | Entered the Ecumenical Temple
  4251 | Temple   | Became a worshipper of Vehumet
  4411 | D:4      | Reached XP level 7. HP: 33/36 MP: 13/20
  4918 | D:4      | Noticed Blork the orc
  4923 | D:4      | Killed Blork the orc
  5316 | D:4      | Found a basalt altar of Yredelemnul.
  5355 | D:4      | Reached XP level 8. HP: 41/41 MP: 17/23
  5882 | D:5      | Entered Level 5 of the Dungeon
  6254 | D:5      | Found a shimmering altar of Xom.
  6254 | D:5      | Found a sparkling altar of Nemelex Xobeh.
  6285 | D:5      | Reached * piety under Vehumet
  6285 | D:5      | Offered knowledge of Flame Tongue by Vehumet.
  6289 | D:5      | Found a hazy altar of Hepliaklqana.
  6716 | D:5      | Reached skill level 10 in Spellcasting
  7111 | D:6      | Reached skill level 1 in Shields
  7211 | D:6      | Found an opulent altar of Gozag.
  7468 | D:6      | Learned a level 3 spell: Confuse
  7602 | D:6      | Reached skill level 10 in Conjurations
  7636 | D:6      | Reached XP level 9. HP: 27/45 MP: 9/25
  7944 | D:6      | Offered knowledge of Shock by Vehumet.
  8211 | D:6      | Reached ** piety under Vehumet
  8211 | D:6      | Reached skill level 1 in Hexes
  8405 | D:6      | Found a runed door.
  8519 | D:6      | Noticed Crazy Yiuf
  8521 | D:6      | Killed Crazy Yiuf
  8990 | D:7      | Noticed Prince Ribbit
  8998 | D:7      | Killed Prince Ribbit
  8998 | D:7      | Reached skill level 5 in Hexes
  9162 | D:7      | Noticed Duvessa
  9163 | D:7      | Noticed Dowan
  9165 | D:7      | Killed Duvessa
  9172 | D:7      | Killed Dowan
  9172 | D:7      | Reached skill level 1 in Translocations
  9385 | D:7      | Found a deep blue altar of Sif Muna.
  9538 | D:8      | Found Eheis's Assorted Antiques.
  9547 | D:7      | Noticed Joseph
  9551 | D:7      | Shot with a sling bullet by Joseph

Vault maps used:
D:1:      saegor_arrival_simple_b
D:2:      nicolae_tso_swordbearing_angel, grunt_dithmenos_smoke, first_ration,
          uniq_sigmund
D:3:      elyvilon_altar_4, uniq_jessica, uniq_robin, uniq_ijyb
D:4:      lemuel_zombie_altar_yredelemnul, minmay_temple_entry_enclosed_plants,
          uniq_blork_the_orc
D:5:      marbit_many_paths, gammafunk_temple_overflow_wave, grunt_ministairs_9
D:6:      grunt_gozag_statues, uniq_crazy_yiuf_cottage
D:7:      kennysheep_mini_moat, uniq_joseph, uniq_prince_ribbit1, uniq_duvessa
D:8:      david_lair_shrubbed, serial_ice, serial_ice_a, serial_ice_l,
          serial_ice_o, serial_ice_g, serial_shops, shop, uniq_pikel, uniq_erica
Temple:   minmay_temple_forest_path

Skill      XL: |  1  2  3  4  5  6  7  8  9 |
---------------+----------------------------+-----
Spellcasting   | 4 5 6 7 9 10 | 10.0
Conjurations   | 6 7 8 10 | 10.0
Shields        | 3 4 |  4.2
Hexes          | 6 |  6.4
Translocations | 2 |  2.2
Dodging        | |  2.4
Stealth        | |  2.4

Action                   |  1- 3 |  4- 6 |  7- 9 || total
-------------------------+-------+-------+-------++-------
Melee: Whip              |       |    10 |       ||    10
       Short sword       |       |       |     1 ||     1
 Cast: Magic Dart        |    77 |    91 |   125 ||   293
       Searing Ray       |     1 |     6 |    26 ||    33
       Iskenderun's Myst |       |     5 |    46 ||    51
       Confuse           |       |       |     4 ||     4
  Use: Scroll            |       |       |     9 ||     9
  Eat: Chunk             |     2 |     8 |    17 ||    27
Armor: Robe              |     2 |    11 |    12 ||    25
Dodge: Dodged            |     9 |    19 |    42 ||    70
Block: Buckler           |       |       |     5 ||     5

Table legend:
 A = Spawn XP
 B = Non-spawn XP
 C = Spawn XP percentage of total XP
 D = Spawn monster count
 E = Non-spawn monster count
 F = Spawn count percentage of total count
 G = Total turns spent on level
                    A         B        C        D         E        F      G
               +---------+---------+-------+---------+---------+-------+---------
         Total |       0 |    4394 |   0.0 |       0 |     171 |   0.0 |  9551
               +---------+---------+-------+---------+---------+-------+---------
           D:1 |       0 |      55 |   0.0 |       0 |      32 |   0.0 |  1647
           D:2 |       0 |     276 |   0.0 |       0 |      12 |   0.0 |  1222
           D:3 |       0 |     369 |   0.0 |       0 |      40 |   0.0 |  1224
           D:4 |       0 |     733 |   0.0 |       0 |      19 |   0.0 |  1572
           D:5 |       0 |     533 |   0.0 |       0 |      21 |   0.0 |  1055
           D:6 |       0 |    1369 |   0.0 |       0 |      31 |   0.0 |  1745
           D:7 |       0 |    1059 |   0.0 |       0 |      16 |   0.0 |   759
               +---------+---------+-------+---------+---------+-------+---------
